 Dungeon Crawl Stone Soup version 0.29-a0-962-gc8bbfd0a37 (webtiles) character file.

Game seed: 5913667319431892783

524465 freelancePsychic the Wrestler (level 24, 0/265 HPs)
             Began as a Troll Delver on July 31, 2022.
             Was the Champion of Nemelex Xobeh.
             Killed from afar by a black draconian knight (45 damage)
             ... with a bolt of lightning
             ... led by a black draconian knight
             ... on level 4 of the Depths.
             The game lasted 01:56:39 (59750 turns).

freelancePsychic the Wrestler (Troll Delver)       Turns: 59750, Time: 01:56:40

Health: 0/265      AC: 29    Str: 32    XL:     24   Next: 21%
Magic:  34/34      EV: 12    Int:  6    God:    Nemelex Xobeh [******]
Gold:   4826       SH: 32    Dex: 31    Spells: 23/23 levels left

rFire   + + .      SeeInvis .     - Unarmed
rCold   + + +      Faith    .   d - +4 tower shield {AC+3}
rNeg    . . .      Spirit   .   W - +2 gold dragon scales
rPois   +          Reflect  +   k - +2 hat
rElec   .          Harm     .   H - scarf {rC+ rF+}
rCorr   .          Rampage  .   (gloves unavailable)
Will    ++...                   (boots unavailable)
Stlth   ..........              C - amulet of reflection
HPRegen 1.34/turn               w - ring of Traps {Will+ Str+5 Int-2 Dex+6}
MPRegen 0.24/turn               Y - ring of Patience {rC+ Int+2 Dex+6}

@: about to teleport, studying Ice Magic
A: large, unfitting armour, claws 3, regeneration 1, shaggy fur 1, tough skin 1
}: 3/15 runes: decaying, serpentine, slimy
a: Renounce Religion, Draw Escape, Draw Destruction, Draw Summoning, Draw Stack,
Triple Draw, Deal Four, Stack Five


You were on level 4 of the Depths.
You worshipped Nemelex Xobeh.
Nemelex Xobeh was exalted by your worship.
You visited 11 branches of the dungeon, and saw 50 of its levels.
You also visited: Ice Cave and Wizlab.

You collected 7486 gold pieces.
You spent 2660 gold pieces at shops.

Inventory:

Missiles
 J - a throwing net (quivered)
Armour
 d - a +4 tower shield of protection (worn)
 k - a +2 hat (worn)
 H - a scarf of resistance (worn)
 W - +2 gold dragon scales (worn)
Jewellery
 c - a ring of resist corrosion
 t - a ring of see invisible
 w - the ring of Traps (left claw) {Will+ Str+5 Int-2 Dex+6}
   (You found it on level 4 of the Dungeon)

   [ring of willpower]

   Str:       It affects your strength (+5).
   Int:       It affects your intelligence (-2).
   Dex:       It affects your dexterity (+6).
   Will:      It increases your willpower.
 x - a ring of willpower
 z - an amulet of the acrobat
 B - the ring of Lufigu {Ice MP+9 Dex+2}
   (You found it in an ice cave)

   [ring of ice]

   It enhances your ice magic.
   Dex:       It affects your dexterity (+2).
   rF:        It makes you vulnerable to fire.
   rC:        It protects you from cold.
   MP:        It affects your magic capacity (+9).
 C - an amulet of reflection (around neck)
 U - a ring of ice
 V - a ring of fire
 X - the ring of Qazlal's Displeasure {rF+ Int+7}
   (You bought it in a shop on level 1 of the Dungeon)

   [ring of protection from fire]

   Int:       It affects your intelligence (+7).
   rF:        It protects you from fire.
 Y - the ring of Patience (right claw) {rC+ Int+2 Dex+6}
   (You found it on level 5 of the Pits of Slime)

   [ring of dexterity]

   Int:       It affects your intelligence (+2).
   Dex:       It affects your dexterity (+6).
   rC:        It protects you from cold.
Wands
 f - a wand of digging (5)
 D - a wand of paralysis (51)
 F - a wand of acid (7)
 G - a wand of roots (18)
 K - a wand of mindburst (50)
 N - a wand of polymorph (14)
 S - a wand of flame (16)
Scrolls
 a - 5 scrolls of poison
 b - a scroll of fog
 i - 10 scrolls of teleportation {@r4}
 m - 7 scrolls of silence
 o - 7 scrolls of magic mapping
 q - 12 scrolls of enchant weapon
 y - 4 scrolls of summoning
 A - 12 scrolls of butterflies
 I - 5 scrolls of vulnerability
 L - 6 scrolls of immolation
 P - 5 scrolls of fear
 Q - 7 scrolls of amnesia
 T - 21 scrolls of identify {@r1}
Potions
 e - 8 potions of haste {@q3}
 g - 13 potions of brilliance
 h - 7 potions of flight
 j - 4 potions of berserk rage
 l - 19 potions of curing {@q1}
 n - 3 potions of cancellation
 p - 12 potions of might
 r - 4 potions of ambrosia
 s - 10 potions of mutation
 u - 7 potions of degeneration
 v - 7 potions of lignification
 E - 9 potions of attraction
 M - 5 potions of magic
 O - 3 potions of resistance
 R - 5 potions of invisibility


   Skills:
 - Level 20.0 Fighting
 - Level 15.9 Armour
 - Level 11.3 Dodging
 - Level 2.7 Stealth
 + Level 13.9 Shields
 * Level 21.7 Unarmed Combat
 - Level 16.8 Invocations


You had 23 spell levels left.
You didn't know any spells.
Your spell library contained the following spells:

 Spells                   Type           Power      Damage    Failure   Level
 Apportation              Tloc           0%         N/A       100%        1
 Freeze                   Ice            0%         1d3       100%        1
 Magic Dart               Conj           0%         1d3       100%        1
 Necrotise                Necr           0%         1d4       100%        1
 Sandblast                Erth           0%         2d4       100%        1
 Slow                     Hex            0%         N/A       100%        1
 Sting                    Tmut/Pois      0%         1d3       100%        1
 Summon Small Mammal      Summ           0%         N/A       100%        1
 Blink                    Tloc           0%         N/A       100%        2
 Ensorcelled Hibernation  Hex/Ice        0%         N/A       100%        2
 Passwall                 Tmut/Erth      0%         N/A       100%        2
 Poisonous Vapours        Pois/Air       0%         N/A       100%        2
 Scorch                   Fire           0%         2d5       100%        2
 Searing Ray              Conj           0%         2d4       100%        2
 Static Discharge         Conj/Air       0%         3-3/arc   100%        2
 Sublimation of Blood     Necr           0%         N/A       100%        2
 Wereblood                Tmut           0%         N/A       100%        2
 Call Canine Familiar     Summ           0%         N/A       100%        3
 Dazzling Flash           Conj/Hex       0%         N/A       100%        3
 Frozen Ramparts          Ice            0%         1d2       100%        3
 Ignite Poison            Fire/Tmut/Pois 0%         N/A       100%        3
 Inner Flame              Hex/Fire       0%         N/A       100%        3
 Lesser Beckoning         Tloc           0%         N/A       100%        3
 Mephitic Cloud           Conj/Pois/Air  0%         N/A       100%        3
 Ozocubu's Armour         Ice            0%         N/A       100%        3
 Portal Projectile        Hex/Tloc       0%         N/A       100%        3
 Spider Form              Tmut/Pois      0%         N/A       100%        3
 Stone Arrow              Conj/Erth      0%         3d7       100%        3
 Summon Guardian Golem    Hex/Summ       0%         N/A       100%        3
 Swiftness                Air            0%         N/A       100%        3
 Tukima's Dance           Hex            0%         N/A       100%        3
 Airstrike                Air            0%         0-1+      100%        4
 Anguish                  Hex/Necr       0%         N/A       100%        4
 Animate Dead             Necr           0%         N/A       100%        4
 Corpse Rot               Necr/Pois/Air  0%         N/A       100%        4
 Flame Wave               Conj/Fire      0%         2d4       100%        4
 Fulminant Prism          Conj/Hex       0%         3d6       100%        4
 Hailstorm                Conj/Ice       0%         3d3       100%        4
 Ice Form                 Ice/Tmut       0%         N/A       100%        4
 Iskenderun's Mystic Bla  Conj/Tloc      0%         2d3       100%        4
 Leda's Liquefaction      Hex/Erth       0%         N/A       100%        4
 Olgreb's Toxic Radiance  Pois           0%         N/A       100%        4
 Passage of Golubria      Tloc           0%         N/A       100%        4
 Petrify                  Tmut/Erth      0%         N/A       100%        4
 Summon Ice Beast         Ice/Summ       0%         N/A       100%        4
 Summon Lightning Spire   Summ/Air       0%         N/A       100%        4
 Agony                    Necr           0%         N/A       100%        5
 Alistair's Intoxication  Tmut/Pois      0%         N/A       100%        5
 Blade Hands              Tmut           0%         N/A       100%        5
 Borgnjor's Vile Clutch   Necr/Erth      0%         N/A       100%        5
 Fireball                 Conj/Fire      0%         3d3       100%        5
 Freezing Cloud           Conj/Ice/Air   0%         6-21      100%        5
 Irradiate                Conj/Tmut      0%         3d11      100%        5
 Iskenderun's Battlesphe  Conj           0%         2d6       100%        5
 Lightning Bolt           Conj/Air       0%         1d11      100%        5
 Manifold Assault         Tloc           0%         N/A       100%        5
 Metabolic Englaciation   Hex/Ice        0%         N/A       100%        5
 Silence                  Hex/Air        0%         N/A       100%        5
 Summon Forest            Summ/Tloc      0%         N/A       100%        5
 Summon Mana Viper        Hex/Summ       0%         N/A       100%        5
 Conjure Ball Lightning   Conj/Air       0%         3x3d6     100%        6
 Death Channel            Necr           0%         N/A       100%        6
 Dispersal                Tloc           0%         N/A       100%        6
 Eringya's Noxious Bog    Tmut/Pois      0%         N/A       100%        6
 Iron Shot                Conj/Erth      0%         9d1       100%        6
 Simulacrum               Ice/Necr       0%         N/A       100%        6
 Starburst                Conj/Fire      0%         6d3       100%        6
 Summon Cactus Giant      Summ           0%         N/A       100%        6
 Dragon Form              Tmut           0%         N/A       100%        7
 Monstrous Menagerie      Summ           0%         N/A       100%        7
 Orb of Destruction       Conj           0%         9d5       100%        7
 Spellforged Servitor     Conj/Summ      0%         N/A       100%        7
 Summon Hydra             Summ           0%         N/A       100%        7
 Disjunction              Tloc           0%         N/A       100%        8
 Ignition                 Fire           0%         3d3       100%        8
 Infestation              Necr           0%         N/A       100%        8
 Maxwell's Capacitive Co  Air            0%         ∞         100%        8
 Chain Lightning          Conj/Air       0%         N/A       100%        9
 Fire Storm               Conj/Fire      0%         5d1       100%        9
 Shatter                  Erth           0%         3d5*      100%        9


Dungeon Overview and Level Annotations

Branches:
Dungeon (15/15)            Temple (0/1) D:5            Lair (5/5) D:10
  Swamp (4/4) Lair:3        Snake (4/4) Lair:3        Slime (5/5) Lair:5
    Orc (2/2) D:11            Elf (3/3) Orc:2        Vaults (4/5) D:14
  Crypt (3/3) Vaults:2       Tomb (0/3) Crypt:3      Depths (4/4) D:15
    Zot (1/5) Depths:4      IceCv (visited)          WizLab (visited)

Altars:
Cheibriados
Dithmenos
Kikubaaqudgha
Nemelex Xobeh
Okawaru
Qazlal
Ru
Sif Muna
Uskayaw
Vehumet
Wu Jian
Yredelemnul
Lugonu

Shops:
D:1 (=!*!   D:12 ?   Orc:2 [?**[   Elf:2 (   Snake:2 *   Snake:4 !=([
Vaults:1 (   Vaults:4 ?   Depths:2 (   Depths:4 *:

Portals:
Hell: Depths:1 Depths:2 Depths:3 Depths:4
Abyss: Swamp:1 Depths:3
Pandemonium: Depths:2 Depths:4
Ziggurat: Depths:1
Trove: Depths:4 (give 6 scrolls of blinking)

Annotations:
D:5 3 runed translucent doors, OstrichLN's ghost, novice KoBr
D:15 Agnes
Lair:4 3 runed translucent doors, Piwky's ghost, journeyman TrMo
Swamp:1 2 transporters, Yogidamonk's ghost, journeyman MiBe
Elf:1 6 runed translucent doors
Elf:2 3 runed translucent doors, exclusion: 2 orange crystal statues
Depths:1 1 transporter


Innate Abilities, Weirdness & Mutations

You are too large for most types of armour.
You have claws for hands.
Your natural rate of healing is unusually fast.
You are covered in fur. (AC +1)
You have tough skin. (AC +1)


Message History

You are too injured to fight recklessly!
You are too injured to fight recklessly!
You are too injured to fight recklessly!
You are too injured to fight recklessly!
You are too injured to fight recklessly!
You completely miss something.
A bolt of lightning appears from out of thin air!
The bolt of lightning hits you!! x2; The bolt of lightning hits something.
You miss something. You block something's attack.
You claw something!
A bolt of lightning appears from out of thin air!
The bolt of lightning hits you!!
* * * LOW HITPOINT WARNING * * *
The bolt of lightning hits you!!!
* * * LOW HITPOINT WARNING * * *
The bolt of lightning hits something.
You draw a card...
You have drawn the Orb.
Press: ? - help, Shift-Dir - straight line Your orb of destruction hits a stone wall. x3
Something hits you but does no damage.
Your orb of destruction hits a stone wall.
Something hits you but does no damage.
You draw a card...
You have drawn the Orb.
Press: ? - help, Shift-Dir - straight line You hear some strange, mumbled words.
A shard of ice appears from out of thin air!
The shard of ice reflects off an invisible shield around you!
Your orb of destruction hits a stone wall. x2
Okay, then.
Blink to where?
Press: ? - help, Dir - move target
As you read the scroll of blinking, it crumbles to dust.
As you read the scroll of teleportation {@r4}, it crumbles to dust.
You feel strangely unstable.
A bolt of lightning appears from out of thin air!
The bolt of lightning hits you!!!
You die...
Your body glows with a rainbow of weird colours and disappears.

#..#....###.##[)†##.###.## #
.#.#......#.###'###.##..#########
.#........#.###.###.#............
..........##...{...#####.########
...........####.#### #.#### #..
###..###+### #.#.# #....# #..
#####....# #.#.######.##.###..
..#....#.######.).............#..
..#.#.#.........@.....###.###....
.#....#..#######).[###...#...###^
.#..##...# #######).....#......#
..##....## #..#..)[....#.#.#...#
......#.# #..#.....[..#.#..#.#.
......#.# ##..#.......#...#...#.
##...#..# ##..#........#...#..#..
..#..#..###...#.......#.......#.#
..#.#.........#..(....#......#..#


There were no monsters in sight!

Vanquished Creatures
  the Royal Jelly (Slime:5)
  A juggernaut (Depths:3)
  Boris (Crypt:3)
  Vashnia (Snake:3)
  Xtahua (Crypt:2)
  4 golden dragons
  A profane servitor (Crypt:3)
  2 bone dragons
  An electric golem (Zot:1)
  A shard shrike zombie (Crypt:3)
  3 liches
  A walking crystal tome (Depths:3)
  A tentacled monstrosity (Depths:3)
  Mlioglotl (Swamp:2)
  Asterion (Depths:2)
  2 deep elf master archers (Elf:3)
  2 deep elf blademasters (Elf:3)
  A walking divine tome (Depths:3)
  12 acid blobs
  A titan (Depths:4)
  3 ancient champions (Crypt:2)
  A death cob (Depths:4)
  2 sphinxes
  A storm dragon (Depths:4)
  2 thorn hunters
  Donald (Vaults:1)
  A tengu reaver (Vaults:3)
  2 shadow dragons
  The ghost of Ammimmimomm the Spry, an adept MfGl of Trog (Snake:1)
  Kirke (Snake:4)
  5 revenants
  2 draconian monks (Depths:4)
  9 deep elf sorcerers
  10 azure jellies
  8 fire giants
  A draconian knight (Depths:4)
  7 rockslimes
  Louise (Snake:2)
  An iron dragon (Depths:3)
  2 orc warlords
  A draconian scorcher (Depths:4)
  9 frost giants
  Aizul (Snake:3)
  12 vault wardens
  3 curse skulls
  A caustic shrike zombie (Crypt:3)
  A deep elf elementalist (Elf:3)
  A ghost moth (Depths:4)
  A draconian stormcaller (Zot:1)
  2 spriggan defenders (Depths:4)
  7 ghouls
  4 spectral caustic shrikes (Depths:4)
  A broodmother (shapeshifter) (Depths:1)
  17 very ugly things
  3 war gargoyles
  11 stone giants
  5 ironbound preservers
  11 quicksilver oozes
  2 draconian annihilators
  10 ironbound thunderhulks
  7 deep elf demonologists
  A starflower (Swamp:4)
  A green draconian (Zot:1)
  7 vampire knights
  5 eleionomae
  4 red draconians
  13 purple draconians
  2 black draconians (Depths:4)
  11 deep elf annihilators (Elf:3)
  A bunyip (Swamp:3)
  5 dire elephants
  8 spark wasps
  An acid blob zombie (Crypt:1)
  2 crystal guardians (Vaults:1)
  5 ettins
  10 eidola
  A shambling mangrove (Swamp:4)
  9 jiangshi
  10 deep elf death magi
  9 statues (WizLab)
  8 fire dragons
  8 deep elf high priests
  7 yaktaur captains
  2 spriggan zombies (Crypt:3)
  9 rakshasas
  3 peacekeepers
  5 ice dragons
  4 great orbs of eyes
  6 salamander tyrants (Snake:4)
  3 vault guards
  13 hydras
  3 spriggan air magi
  7 ironbound frosthearts
  4 boulder beetles (Vaults:2)
  7 catoblepae
  2 ghost crabs
  A two-headed ogre (shapeshifter) (Elf:1)
  A radroach (Swamp:2)
  10 anacondas
  2 jorogumos
  3 death knights (Crypt:3)
  14 naga warriors
  Erica (D:8)
  24 dancing weapons
  5 two-headed ogres
  7 death yaks (Lair:5)
  4 tengu warriors
  13 deep troll shamans
  2 titan zombies
  5 deep troll earth magi
  4 centaur warriors
  9 alligators
  14 naga sharpshooters
  4 vampire magi
  3 spriggan berserkers
  5 orc high priests (Orc:2)
  7 shock serpents
  10 spriggans
  14 deep elf knights
  4 soul eaters
  2 fire crabs
  A shadow wraith (Crypt:2)
  A titan skeleton (Depths:1)
  6 iron trolls
  4 goliath frogs
  26 skeletal warriors
  3 salamander mystics (Snake:4)
  A bunyip zombie (Crypt:3)
  5 flayed ghosts
  A shadow demon (Depths:2)
  36 deep trolls
  A ghost moth zombie (Crypt:1)
  18 deep elf archers
  4 glowing orange brains
  9 wizards
  10 swamp dragons
  7 lindwurms
  10 bog bodies
  4 naga ritualists
  2 orange crystal statues (IceCv)
  12 orc knights
  10 ironbound convokers
  19 phantasmal warriors
  A shadow dragon zombie (Crypt:1)
  4 necromancers
  21 deep elf zephyrmancers
  10 mana vipers
  22 deep elf pyromancers
  5 wolf spiders (Crypt:3)
  2 stone giant zombies
  2 orc sorcerers
  A fire giant skeleton (Depths:1)
  4 cyclopes
  23 ugly things
  2 will-o-the-wisps
  6 manticores
  A moth of wrath (Slime:2)
  25 salamanders
  Maurice (Orc:1)
  40 black mambas
  3 water nymphs
  10 elephants
  4 guardian serpents
  7 vault sentinels
  A guardian serpent (shapeshifter) (D:13)
  A dire elephant zombie (Crypt:2)
  2 torpor snails
  An alligator snapping turtle zombie (Crypt:3)
  11 naga magi
  2 eyes of devastation
  3 kobold demonologists (D:11)
  A torpor snail (shapeshifter) (Depths:3)
  A gargoyle (D:12)
  Maggie (Lair:2)
  A cane toad (shapeshifter) (Elf:2)
  9 cane toads
  2 rime drakes
  12 freezing wraiths
  31 yaktaurs
  A spark wasp simulacrum (Depths:1)
  7 komodo dragons
  2 entropy weaver simulacra (IceCv)
  An alligator snapping turtle skeleton (Crypt:2)
  A grey draconian skeleton (Crypt:2)
  2 guardian mummies
  17 tengu conjurers
  2 very ugly thing simulacra (IceCv)
  A meliai (shapeshifter) (D:10)
  A queen bee (Snake:3)
  3 polar bears
  2 harpy zombies (Crypt:3)
  A sea snake skeleton (Crypt:2)
  A bloated husk (Swamp:2)
  8 tyrant leeches
  A hydra zombie (Crypt:3)
  3 trolls
  70 slime creatures
  13 hornets
  4 dream sheep
  15 blink frogs
  2 jumping spiders (Crypt:3)
  A satyr skeleton (Crypt:2)
  3 air elementals (Elf:3)
  2 shadows
  12 wraiths
  3 fire elementals
  3 water elementals
  5 hogs (Snake:4)
  6 wyverns
  A ynoxinul (Depths:2)
  39 yaks
  A fire bat (Lair:2)
  2 steam dragons
  11 basilisks
  A neqoxec (Depths:2)
  18 humans
  3 redbacks (Crypt:3)
  15 vampire mosquitoes
  Menkaure (D:7)
  3 wargs (Orc:2)
  6 demonic crawler simulacra (IceCv)
  7 swamp worms
  31 nagas
  A naga zombie (Crypt:3)
  5 acid dragons
  11 water moccasins
  A deep troll skeleton (Crypt:2)
  2 sky beasts (D:8)
  4 swamp drakes
  37 orc warriors
  4 black bears
  An ettin simulacrum (Vaults:3)
  2 boggarts
  An ogre (Orc:1)
  2 centaurs
  A tengu (Lair:2)
  5 wolves
  3 lemures (D:9)
  A phantom (D:6)
  A kobold brigand (D:8)
  15 bullfrogs
  3 gnoll sergeants
  22 necrophages
  2 earth elementals
  A scorpion (D:6)
  6 wyvern skeletons (Crypt:3)
  10 wights
  3 killer bees (D:9)
  A raiju zombie (Crypt:1)
  A warg skeleton (Crypt:2)
  A shapeshifter skeleton (Crypt:1)
  11 howler monkeys
  3 electric eels (Elf:3)
  A centaur zombie (D:4)
  3 hounds
  2 gnoll boudas
  19 orc priests
  2 human zombies
  4 jellies
  Crazy Yiuf (D:7)
  2 iguanas
  15 orc wizards
  16 hell rats
  2 mummies (D:4)
  7 adders
  16 gnolls
  8 river rats (Lair:1)
  A swamp drake skeleton (Crypt:2)
  5 white imps
  2 adder zombies (D:4)
  2 worms
  2 dart slugs
  69 orcs
  2 bats
  A bat skeleton (Crypt:1)
  4 endoplasms
  4 giant cockroaches
  5 goblins
  3 hobgoblins
  7 jackals
  12 kobolds
  2 quokkas
  6 ball pythons
  A butterfly zombie (Crypt:2)
  An endoplasm zombie (Crypt:2)
  A frilled lizard (D:3)
  A kobold zombie (Crypt:1)
  6 rats
1765 creatures vanquished.

Vanquished Creatures (collateral kills)
  Mennas (Vaults:2)
  Frederick (Vaults:3)
  Saint Roka (Vaults:4)
  4 acid blobs (Slime:5)
  A rockslime (Slime:5)
  An emperor scorpion (Lair:2)
  2 deep elf sorcerers (Elf:3)
  A quicksilver ooze (Slime:5)
  A very ugly thing (Vaults:4)
  A deep elf demonologist (Elf:3)
  3 dire elephants
  A mummy priest (Crypt:3)
  A hydra (Swamp:3)
  A two-headed ogre (D:9)
  A death yak (Lair:5)
  An orc high priest (Orc:2)
  Urug (Lair:5)
  Sonja (Lair:5)
  A death drake (Swamp:4)
  A swamp dragon (Swamp:4)
  An ironbound convoker (Vaults:3)
  2 orc knights (Orc:2)
  An ugly thing (Vaults:4)
  Joseph (D:7)
  A guardian serpent (Swamp:4)
  An eye of devastation (Slime:5)
  A guardian mummy (Crypt:3)
  A polar bear (Lair:5)
  6 slime creatures (Slime:5)
  12 blink frogs
  A golden eye (Slime:5)
  A swamp worm (Swamp:2)
  A naga (Lair:2)
  A water moccasin (Lair:2)
  6 orc warriors
  A scorpion (D:5)
  7 orc priests
  An iguana (D:5)
  5 orc wizards (Orc:2)
  A mummy (Crypt:3)
  6 gnolls
  17 orcs
101 creatures vanquished.

Vanquished Creatures (others)
  Nessos (Lair:4)
  A vampire mage (Crypt:2)
  3 deep elf knights
  A deep elf pyromancer (Elf:2)
  2 deep elf zephyrmancers
  2 bloated husks
  A naga (Snake:4)
  An acid dragon (Swamp:4)
  An orc (Elf:1)
  A demonic plant (D:11)
  11 foxfires
  33 fungi
  51 plants
  16 withered plants (Crypt:3)
125 creatures vanquished.

Grand Total: 1991 creatures vanquished

Notes
Turn   | Place    | Note
-------+----------+-------------------------------------------
     0 | D:5      | freelancePsychic the Troll Delver began the quest for the
                  | Orb.
     0 | D:5      | Reached XP level 1. HP: 22/22 MP: 0/0
    41 | D:5      | Noticed a hound
    53 | D:5      | Found a sparkling altar of Nemelex Xobeh.
    58 | D:5      | Became a worshipper of Nemelex Xobeh the Trickster
   281 | D:3      | Reached XP level 2. HP: 27/29 MP: 1/1
   335 | D:2      | Reached skill level 1 in Invocations
   335 | D:2      | Reached XP level 3. HP: 36/36 MP: 2/2
   347 | D:2      | Reached skill level 3 in Unarmed Combat
   541 | D:1      | Found a faded altar of an unknown god.
   607 | D:1      | Found Kaxe Ibe's General Store.
   621 | D:1      | Found Buajyekeg's Distillery.
   722 | D:1      | Found Ryeczunk's Distillery.
   829 | D:1      | Bought a potion of curing for 39 gold pieces
   934 | D:1      | Found Mimourr's Jewellery Boutique.
  1132 | D:1      | Reached * piety under Nemelex Xobeh
  1195 | D:1      | Found Cugot's Antique Weapon Emporium.
  1219 | D:1      | Received a gift from Nemelex Xobeh
  1507 | D:2      | Reached XP level 4. HP: 43/44 MP: 4/4
  2271 | D:3      | Found an ornate altar of the Wu Jian Council.
  2275 | D:3      | Noticed an ice beast
  2278 | D:3      | Banished an ice beast
  2279 | D:3      | Reached skill level 4 in Unarmed Combat
  2279 | D:3      | Reached XP level 5. HP: 53/53 MP: 5/5
  2464 | D:4      | Found a hide-covered altar of Uskayaw.
  2541 | D:4      | Reached XP level 6. HP: 60/61 MP: 5/7
  2561 | D:4      | Reached ** piety under Nemelex Xobeh
  2621 | D:4      | Identified the ring of Traps {Will+ Str+5 Int-2 Dex+6}
  2850 | D:4      | Found an iron altar of Okawaru.
  2986 | D:4      | Found a snail-covered altar of Cheibriados.
  3048 | D:4      | Reached skill level 5 in Unarmed Combat
  3063 | D:4      | Reached XP level 7. HP: 36/59 MP: 8/8
  3152 | D:4      | Found a basalt altar of Yredelemnul.
  3498 | D:5      | Noticed OstrichLN's ghost (novice KoBr)
  3506 | D:5      | Found a runed translucent gate.
  3506 | D:5      | Found a runed translucent gate.
  3508 | D:5      | Found a runed translucent gate.
  3721 | D:5      | Found a shadowy altar of Dithmenos.
  3750 | D:5      | Reached skill level 6 in Unarmed Combat
  3790 | D:5      | Reached XP level 8. HP: 65/78 MP: 10/10
  3902 | D:1      | Bought a potion of might for 44 gold pieces
  3902 | D:1      | Bought a potion of haste for 110 gold pieces
  3902 | D:1      | Bought a potion of haste for 110 gold pieces
  3902 | D:1      | Bought a potion of berserk rage for 55 gold pieces
  4043 | D:5      | Found a staircase to the Ecumenical Temple.
  4316 | D:6      | Reached *** piety under Nemelex Xobeh
  4320 | D:6      | Reached skill level 5 in Invocations
  4413 | D:6      | Found a shimmering blue altar of Sif Muna.
  4594 | D:6      | Reached skill level 7 in Unarmed Combat
  4618 | D:6      | Received a gift from Nemelex Xobeh
  4838 | D:6      | Reached XP level 9. HP: 87/87 MP: 12/12
  5075 | D:7      | Reached skill level 5 in Fighting
  5219 | D:7      | Noticed Joseph
  5222 | D:7      | Identified the +2 trident of the Enchanted Forest {drain,
                  | MP-9 Int+5}
  5227 | D:7      | Killed Joseph
  5228 | D:7      | Reached skill level 8 in Unarmed Combat
  5387 | D:7      | Noticed Menkaure
  5494 | D:7      | Killed Menkaure
  5532 | D:7      | Reached **** piety under Nemelex Xobeh
  5715 | D:7      | Received a gift from Nemelex Xobeh
  5745 | D:7      | Found a runed translucent door.
  5746 | D:7      | Noticed Crazy Yiuf
  5753 | D:7      | Killed Crazy Yiuf
  5895 | D:8      | Identified the +1 robe of Daisies {rPois rN+ SInv}
  6067 | D:8      | Noticed a two-headed ogre
  6108 | D:8      | Noticed a two-headed ogre
  6273 | D:8      | Noticed Erica
  6276 | D:8      | Killed Erica
  6277 | D:8      | Reached skill level 9 in Unarmed Combat
  6277 | D:8      | Reached XP level 10. HP: 98/98 MP: 14/14
  6368 | D:8      | Killed a two-headed ogre
  6486 | D:8      | Identified the +6 dagger of Paoff {drain, rN++}
  6581 | D:8      | Received a gift from Nemelex Xobeh
  6979 | D:8      | Received a gift from Nemelex Xobeh
  7041 | D:8      | Killed a two-headed ogre
  7203 | D:8      | Reached skill level 5 in Dodging
  7358 | D:9      | Reached ***** piety under Nemelex Xobeh
  7367 | D:9      | Noticed Pikel
  7370 | D:9      | Noticed Pikel
  7370 | D:9      | Pikel changed into Pikel the naga
  7376 | D:9      | Killed Pikel the naga
  7405 | D:9      | Received a gift from Nemelex Xobeh
  7522 | D:9      | Reached skill level 10 in Unarmed Combat
  7857 | D:9      | Noticed a two-headed ogre
  7863 | D:9      | Killed a two-headed ogre
  7958 | D:10     | Entered Level 10 of the Dungeon
  7965 | D:10     | Received a gift from Nemelex Xobeh
  8034 | D:10     | Identified the -1 hand axe of Lobriumi {holy, rF- rN+
                  | rCorr}
  8043 | D:10     | Reached XP level 11. HP: 58/107 MP: 16/16
  8381 | D:10     | Noticed a two-headed ogre
  8383 | D:10     | Noticed a glowing shapeshifter
  8383 | D:10     | a two-headed ogre changed into a glowing shapeshifter
  8384 | D:10     | a glowing shapeshifter changed into a black bear
  8418 | D:10     | Received a gift from Nemelex Xobeh
  8433 | D:10     | Noticed a two-headed ogre
  8436 | D:10     | Killed a two-headed ogre
  8626 | D:10     | Found a staircase to the Lair.
  8939 | D:1      | Bought a potion of might for 52 gold pieces
  8939 | D:1      | Bought a potion of resistance for 130 gold pieces
  8939 | D:1      | Bought a potion of might for 52 gold pieces
  8939 | D:1      | Bought a potion of might for 52 gold pieces
  9139 | Lair:1   | Entered Level 1 of the Lair of Beasts
  9211 | Lair:1   | Received a gift from Nemelex Xobeh
  9385 | Lair:1   | Found a stormy altar of Qazlal.
  9636 | Lair:1   | Reached skill level 11 in Unarmed Combat
  9994 | Lair:1   | Received a gift from Nemelex Xobeh
 10224 | Lair:2   | Noticed a catoblepas
 10465 | Lair:2   | Reached skill level 10 in Invocations
 10469 | Lair:2   | Reached XP level 12. HP: 67/122 MP: 18/18
 10634 | Lair:2   | Noticed an emperor scorpion
 10634 | Lair:2   | a catoblepas changed into an emperor scorpion
 10764 | Lair:2   | Received a gift from Nemelex Xobeh
 10913 | Lair:2   | Noticed Maggie
 10921 | Lair:2   | Killed Maggie
 10971 | Lair:2   | Noticed a five-headed hydra
 10975 | Lair:2   | Killed a five-headed hydra
 11039 | Lair:2   | Reached ****** piety under Nemelex Xobeh
 11057 | Lair:2   | Killed an emperor scorpion
 11362 | Lair:2   | Received a gift from Nemelex Xobeh
 11486 | Lair:3   | Found a staircase to the Snake Pit.
 11699 | Lair:3   | Noticed a seven-headed hydra
 11701 | Lair:3   | Noticed a jorogumo
 11701 | Lair:3   | a seven-headed hydra changed into a jorogumo
 11716 | Lair:3   | Killed a jorogumo
 11892 | Lair:3   | Received a gift from Nemelex Xobeh
 11983 | Lair:3   | Noticed a catoblepas
 11988 | Lair:3   | Reached skill level 12 in Unarmed Combat
 12001 | Lair:3   | Killed a catoblepas
 12153 | Lair:3   | Found a staircase to the Swamp.
 12157 | Lair:3   | Received a gift from Nemelex Xobeh
 12195 | Lair:3   | Reached skill level 10 in Fighting
 12536 | Lair:4   | Reached XP level 13. HP: 129/131 MP: 20/20
 12599 | Lair:4   | Noticed Nessos
 12606 | Lair:4   | Killed Nessos
 12607 | Lair:4   | Reached XP level 14. HP: 112/144 MP: 12/21
 12677 | Lair:4   | Found a runed translucent gate.
 12677 | Lair:4   | Found a runed translucent gate.
 12677 | Lair:4   | Found a runed translucent gate.
 12679 | Lair:4   | Noticed Piwky's ghost (journeyman TrMo)
 13014 | Lair:4   | Received a gift from Nemelex Xobeh
 13549 | Lair:5   | Entered Level 5 of the Lair of Beasts
 13820 | Lair:5   | Reached skill level 13 in Unarmed Combat
 13820 | Lair:5   | Noticed Urug
 13840 | Lair:5   | Killed Urug
 13939 | Lair:5   | Noticed Sonja
 13944 | Lair:5   | Killed Sonja
 14144 | Lair:5   | Received a gift from Nemelex Xobeh
 14638 | Lair:5   | Identified the +9 rapier of True Grit {flame, Fly rF+ MP+9}
 14743 | Lair:5   | Found a staircase to the Slime Pits.
 15155 | D:11     | Received a gift from Nemelex Xobeh
 15477 | D:11     | Received a gift from Nemelex Xobeh
 15549 | D:11     | Found a staircase to the Orcish Mines.
 15586 | D:11     | Found a corrupted altar of Lugonu.
 15865 | D:12     | Identified the +5 ring mail of Sif Muna's Envy {Will+}
 15948 | D:12     | Found Poikosti's Magic Scroll Boutique.
 16025 | D:12     | Bought a scroll of blinking for 105 gold pieces
 16025 | D:12     | Bought a scroll of teleportation for 42 gold pieces
 16025 | D:12     | Bought a scroll of teleportation for 42 gold pieces
 16025 | D:12     | Bought a scroll of magic mapping for 105 gold pieces
 16079 | D:12     | Reached XP level 15. HP: 138/158 MP: 23/23
 16207 | D:12     | Received a gift from Nemelex Xobeh
 16986 | D:13     | Found a sacrificial altar of Ru.
 17008 | D:13     | Identified the +4 scale mail of Kicriodaq {rF+ Regen+
                  | Stlth-}
 17431 | D:14     | Reached skill level 14 in Unarmed Combat
 17661 | D:14     | Received a gift from Nemelex Xobeh
 17701 | D:14     | You fall into a shaft and drop 1 floor!
 17701 | D:15     | Entered Level 15 of the Dungeon
 17997 | D:15     | Reached skill level 10 in Dodging
 18123 | D:15     | Noticed Agnes
 18207 | D:15     | Found a staircase to the Depths.
 18379 | D:15     | Received a gift from Nemelex Xobeh
 18505 | D:15     | Reached skill level 1 in Armour
 19012 | D:14     | Identified the +6 ring mail of Minor Irritation {rElec
                  | Regen+}
 19104 | D:14     | Found a gate to the Vaults.
 19614 | Orc:1    | Entered Level 1 of the Orcish Mines
 19614 | Orc:1    | Received a gift from Nemelex Xobeh
 19803 | Orc:2    | Entered Level 2 of the Orcish Mines
 19831 | Orc:2    | Received a gift from Nemelex Xobeh
 20521 | Orc:2    | Reached XP level 16. HP: 145/172 MP: 24/24
 20558 | Orc:2    | Found Odoit's General Store.
 20561 | Orc:2    | Found Roiq's General Store.
 20562 | Orc:2    | Found Jokkem's Magic Scroll Emporium.
 20563 | Orc:2    | Found Usuocky's Armour Emporium.
 20611 | Orc:2    | Found a staircase to the Elven Halls.
 20662 | Orc:2    | Found Kilics's Antique Armour Shop.
 20782 | Orc:1    | Received a gift from Nemelex Xobeh
 20804 | Orc:1    | Noticed Maurice
 20823 | Orc:1    | Killed Maurice
 21250 | D:1      | Bought the ring of Qazlal's Displeasure {rF+ Int+7} for 560
                  | gold pieces
 21487 | Swamp:1  | Entered Level 1 of the Swamp
 21861 | Swamp:1  | Found a one-way gate to the infinite horrors of the Abyss.
 21871 | Swamp:1  | Found a transporter.
 21875 | Swamp:1  | Found a transporter.
 21938 | Swamp:1  | Noticed a tentacled starspawn
 22144 | Swamp:1  | Noticed Yogidamonk's ghost (journeyman MiBe)
 22277 | Swamp:2  | Received a gift from Nemelex Xobeh
 22931 | Swamp:2  | Reached skill level 15 in Unarmed Combat
 23068 | Swamp:2  | Noticed Mlioglotl
 23075 | Swamp:2  | Killed Mlioglotl
 23591 | Swamp:3  | Noticed a thorn hunter
 23655 | Swamp:3  | Killed a thorn hunter
 23749 | Swamp:3  | Received a gift from Nemelex Xobeh
 24135 | Swamp:4  | Entered Level 4 of the Swamp
 24136 | Swamp:4  | Noticed a thorn hunter
 24138 | Swamp:4  | a thorn hunter changed into a starflower
 24177 | Swamp:4  | Reached skill level 15 in Fighting
 24188 | Swamp:4  | Reached skill level 5 in Armour
 24407 | Snake:1  | Entered Level 1 of the Snake Pit
 24842 | Snake:1  | Received a gift from Nemelex Xobeh
 24976 | Snake:1  | Found a runed translucent door.
 24982 | Snake:1  | Noticed Ammimmimomm's ghost (adept MfGl)
 25192 | Snake:1  | Reached skill level 1 in Shields
 25192 | Snake:1  | Reached XP level 17. HP: 177/184 MP: 26/26
 25591 | Snake:1  | Killed Ammimmimomm's ghost
 25744 | Snake:2  | Found a frozen archway.
 25766 | IceCv    | Entered an ice cave
 26262 | IceCv    | Received a gift from Nemelex Xobeh
 26352 | IceCv    | Found a viscous altar of Jiyva.
 26611 | IceCv    | Reached skill level 5 in Shields
 26733 | IceCv    | Got the ring of Lufigu {Ice MP+9 Dex+2}
 26736 | IceCv    | Got the ring "Caeshoun" {Fly rC+ Str-3 Int+3}
 27033 | Snake:2  | Noticed Louise
 27038 | Snake:2  | Killed Louise
 27353 | Snake:2  | Found a snail-covered altar of Cheibriados.
 27353 | Snake:2  | Received a gift from Nemelex Xobeh
 27754 | Snake:2  | Found Maqeck's Assorted Antiques.
 27946 | Snake:3  | Received a gift from Nemelex Xobeh
 28111 | Snake:3  | Noticed Aizul
 28129 | Snake:3  | Killed Aizul
 28212 | Snake:3  | Noticed Vashnia
 28345 | Snake:3  | Killed Vashnia
 28724 | Snake:3  | Received a gift from Nemelex Xobeh
 29117 | Snake:4  | Entered Level 4 of the Snake Pit
 29210 | Snake:4  | Found Siyghoaj's Armour Boutique.
 29339 | Snake:4  | Found Ufucrohu's Distillery.
 29348 | Snake:4  | Bought a potion of heal wounds for 70 gold pieces
 29348 | Snake:4  | Bought a potion of resistance for 140 gold pieces
 29365 | Snake:4  | Found Nuluun's Antique Weapon Shop.
 29392 | Snake:4  | Noticed Kirke
 29410 | Snake:4  | Killed Kirke
 29411 | Snake:4  | Reached skill level 16 in Unarmed Combat
 29435 | Snake:4  | Received a gift from Nemelex Xobeh
 29549 | Snake:4  | Reached XP level 18. HP: 145/196 MP: 27/27
 29948 | Snake:4  | Reached skill level 10 in Shields
 30298 | Snake:4  | Found Yfoebamo's Jewellery Shoppe.
 30401 | Snake:4  | Found Xomone's Antique Armour Shoppe.
 30836 | Snake:4  | Got a serpentine rune of Zot
 32160 | Swamp:4  | Got a decaying rune of Zot
 32694 | Depths:1 | Entered Level 1 of the Depths
 32822 | Depths:1 | Received a gift from Nemelex Xobeh
 32918 | Depths:1 | Found a transporter.
 32919 | Depths:1 | Found a shimmering blue altar of Sif Muna.
 32923 | Depths:1 | Noticed a lich
 32923 | Depths:1 | Noticed a dread lich
 33032 | Depths:1 | You fall into a shaft and drop 1 floor!
 33544 | Depths:1 | Received a gift from Nemelex Xobeh
 33649 | Depths:1 | Found a gateway to Hell.
 33846 | Depths:1 | Found a corrupted altar of Lugonu.
 33883 | Depths:1 | Found a one-way gateway to a ziggurat.
 34063 | Depths:1 | Received a gift from Nemelex Xobeh
 34188 | Depths:2 | Found Zoebol's Weapon Shop.
 34256 | Depths:2 | Noticed Asterion
 34270 | Depths:2 | Killed Asterion
 34271 | Depths:2 | Reached XP level 19. HP: 164/209 MP: 28/28
 35470 | Depths:2 | Found a one-way gate leading to the halls of Pandemonium.
 35501 | Depths:2 | Noticed a golden dragon
 35518 | Depths:2 | Killed a golden dragon
 36220 | Elf:1    | Entered Level 1 of the Elven Halls
 36613 | Elf:1    | Received a gift from Nemelex Xobeh
 37039 | Elf:1    | Found a runed translucent gate.
 37039 | Elf:1    | Found a runed translucent gate.
 37039 | Elf:1    | Found a runed translucent gate.
 37039 | Elf:1    | Found a runed translucent gate.
 37039 | Elf:1    | Found a runed translucent gate.
 37040 | Elf:1    | Found a runed translucent gate.
 37270 | Elf:2    | Reached skill level 17 in Unarmed Combat
 37414 | Elf:2    | Found Moideoh's Weapon Emporium.
 37525 | Elf:2    | Received a gift from Nemelex Xobeh
 37595 | Elf:2    | Found a runed translucent gate.
 37596 | Elf:2    | Found a runed translucent gate.
 37596 | Elf:2    | Found a runed translucent gate.
 37876 | Elf:2    | Reached skill level 10 in Armour
 38174 | Elf:2    | Paralysed by an air elemental for 1 turns
 38433 | Elf:3    | Entered Level 3 of the Elven Halls
 38434 | Elf:3    | Paralysed by an air elemental for 1 turns
 38447 | Elf:3    | Reached XP level 20. HP: 204/219 MP: 29/29
 38675 | Elf:3    | Received a gift from Nemelex Xobeh
 39067 | Elf:3    | Received a gift from Nemelex Xobeh
 39195 | Elf:3    | Identified the +2 long sword "Goblinbane" {speed, rElec
                  | rPois}
 39244 | Elf:3    | Paralysed by an air elemental for 1 turns
 39634 | Elf:3    | Identified the +9 whip "Gul Oped" {holy, rPois rC++}
 39651 | Elf:3    | Identified the +3 scimitar of Disharmony {vorpal, rF+ rC-
                  | Dex+4}
 39950 | Elf:3    | Paralysed by an air elemental for 1 turns
 39957 | Elf:3    | Identified the ring of Zukekon {Str+6 Int+3}
 40654 | Elf:3    | Got Juffu's Dissertation on Fascination
 41068 | D:14     | Reached skill level 18 in Unarmed Combat
 41081 | Vaults:1 | Entered Level 1 of the Vaults
 41552 | Vaults:1 | Found Neacy's Antique Weapon Shoppe.
 41673 | Vaults:1 | Received a gift from Nemelex Xobeh
 41717 | Vaults:1 | Noticed Donald
 41740 | Vaults:1 | Killed Donald
 41890 | Vaults:1 | Identified the +5 arbalest of Ru's Esteem {penet, rElec
                  | Will+}
 42267 | Vaults:1 | Received a gift from Nemelex Xobeh
 42311 | Vaults:1 | Reached XP level 21. HP: 193/231 MP: 30/30
 42911 | Vaults:2 | Found a staircase to the Crypt.
 42911 | Vaults:2 | Found a basalt altar of Yredelemnul.
 42911 | Vaults:2 | Found an ancient bone altar of Kikubaaqudgha.
 42963 | Vaults:2 | Received a gift from Nemelex Xobeh
 43437 | Vaults:2 | Received a gift from Nemelex Xobeh
 43768 | Vaults:2 | Got the Handbook of Macabre Poisoning
 44340 | Vaults:3 | Received a gift from Nemelex Xobeh
 44560 | Vaults:3 | Received a gift from Nemelex Xobeh
 44822 | Vaults:3 | Received a gift from Nemelex Xobeh
 45145 | Vaults:3 | Found a radiant altar of Vehumet.
 45189 | Vaults:3 | Identified the +1 hat of Okawaru's Fury {Harm *Corrode rF+
                  | rC+ Dex-3}
 45241 | Vaults:3 | Noticed Frederick
 45270 | Vaults:3 | Killed Frederick
 45337 | Vaults:3 | Received a gift from Nemelex Xobeh
 45678 | Vaults:4 | Received a gift from Nemelex Xobeh
 46584 | Vaults:4 | Reached skill level 19 in Unarmed Combat
 46799 | Vaults:4 | Received a gift from Nemelex Xobeh
 46967 | Vaults:4 | Noticed Saint Roka
 46984 | Vaults:4 | Killed Saint Roka
 47004 | Vaults:4 | Reached skill level 15 in Invocations
 47101 | Vaults:4 | Found Gotes's Magic Scroll Shoppe.
 47109 | Vaults:4 | Bought a scroll of teleportation for 63 gold pieces
 47109 | Vaults:4 | Bought a scroll of immolation for 84 gold pieces
 47639 | Depths:3 | Reached XP level 22. HP: 243/243 MP: 32/32
 47832 | Depths:3 | Received a gift from Nemelex Xobeh
 48196 | Depths:3 | Noticed a juggernaut
 48197 | Depths:3 | Noticed a golden dragon
 48197 | Depths:3 | a tengu reaver changed into a golden dragon
 48211 | Depths:3 | Killed a golden dragon
 48215 | Depths:3 | Killed a juggernaut
 48686 | Depths:4 | Entered Level 4 of the Depths
 48879 | Depths:4 | Found Tulatsid's General Store.
 48879 | Depths:4 | Received a gift from Nemelex Xobeh
 48893 | Depths:4 | Found a magical portal.
 48908 | WizLab   | Entered Iskenderun's Mystic Tower
 49722 | WizLab   | Got Iskenderun's Octavo of Blasts
 49728 | WizLab   | Identified the +4 flail "Citu Yve" {flame, Will+ Int+5
                  | Dex+2}
 49919 | Depths:4 | Found Kupn's Book Emporium.
 50096 | Depths:4 | Reached skill level 15 in Armour
 50181 | Depths:4 | Bought a potion of haste for 220 gold pieces
 50181 | Depths:4 | Bought a scroll of magic mapping for 165 gold pieces
 50294 | Depths:4 | Noticed a golden dragon
 50306 | Depths:4 | Killed a golden dragon
 50563 | Depths:4 | Found a gate to the Realm of Zot.
 50570 | Depths:4 | Noticed a golden dragon
 50869 | Depths:4 | Killed a golden dragon
 51109 | Depths:4 | Found a portal to a secret trove of treasure.
 51689 | Crypt:1  | Entered Level 1 of the Crypt
 51689 | Crypt:1  | Noticed Mennas
 52456 | Slime:1  | Entered Level 1 of the Pits of Slime
 52791 | Vaults:2 | Identified the +0 long sword of Iqebom {vorpal, rPois Str+4
                  | Dex+2 Stlth-}
 52804 | Vaults:2 | Killed Mennas
 52898 | Crypt:1  | Reached XP level 23. HP: 252/252 MP: 34/34
 53055 | Crypt:1  | Identified the +10 chain mail of Aveoreh {rElec rCorr
                  | Slay-3 SInv}
 53104 | Crypt:1  | Received a gift from Nemelex Xobeh
 53596 | Crypt:2  | Noticed Xtahua
 53606 | Crypt:2  | Paralysed by Xtahua for 4 turns
 53611 | Crypt:2  | Killed Xtahua
 54549 | Crypt:2  | Received a gift from Nemelex Xobeh
 54726 | Crypt:3  | Entered Level 3 of the Crypt
 55045 | Crypt:3  | Noticed Boris
 55064 | Crypt:3  | Killed Boris
 55147 | Crypt:3  | Reached skill level 20 in Unarmed Combat
 55358 | Crypt:3  | Received a gift from Nemelex Xobeh
 55499 | Crypt:3  | Found a staircase to the Tomb.
 56069 | Crypt:3  | Found a basalt altar of Yredelemnul.
 56375 | Crypt:3  | Received a gift from Nemelex Xobeh
 56734 | Crypt:3  | Got the Folio of Fey Orientation
 57704 | Snake:4  | Bought a ring of resist corrosion for 420 gold pieces
 58020 | Slime:5  | Entered Level 5 of the Pits of Slime
 58102 | Slime:5  | Reached skill level 21 in Unarmed Combat
 58142 | Slime:5  | Reached XP level 24. HP: 103/265 MP: 34/34
 58264 | Slime:5  | Noticed the Royal Jelly
 58265 | Slime:5  | Identified the +1 long sword of Doom {flame, MP+9 Int+4}
 58273 | Slime:5  | Killed the Royal Jelly
 58414 | Slime:5  | Identified the +2 plate armour of the Stag {rPois}
 58423 | Slime:5  | Identified the +0 fire dragon scales of Salvation {Harm
                  | Rampage rF++ rC- Regen+ Int+7 Dex-2}
 58445 | Slime:5  | Identified the ring of Patience {rC+ Int+2 Dex+6}
 58483 | Slime:5  | Identified the +0 scale mail of Kudeuru {+Inv rN+ Int+3}
 58515 | Slime:5  | Got a slimy rune of Zot
 58517 | Slime:5  | Identified the +7 glaive "Tinawutt" {vorpal, Str+3 Dex+3}
 58525 | Slime:5  | Identified the +3 chain mail of the Hall of Blades {Int+4}
 58603 | Slime:5  | Received a gift from Nemelex Xobeh
 59225 | Zot:1    | Entered Level 1 of the Realm of Zot
 59750 | Depths:4 | Killed from afar by a black draconian knight

Illustrated notes

Levels and vault maps discovered:
D:1:      giann_horns, layout_basic, serial_shops,
          nicolae_shop_advertising_works [nicolae_subvault_shop_adworks],
          nicolae_shop_waterfront, shop, shop_coins, nicolae_square_shop,
          ebering_ecumenical_altar_hall, serial_bayou_lake_a
D:2:      minmay_wonky_spiral, layout_basic, minmay_diced_spiral
D:3:      layout_rooms, nicolae_wu_jian_immortal_techniques,
          chequers_serial_rivers_small_3
D:4:      layout_loops_cross, lemuel_mausoleum_altar_yredelemnul,
          overflow_temple_1_default, mainiacjoe_overflow_brackets,
          mainiacjoe_overflow_alcove_1, moated_statue, nicolae_eternal_life,
          hangedman_abyss_or_decor_slice
D:5:      layout_basic, old_standard_altar, nemelex_spade_bored_becter,
          temple_green, gammafunk_ghost_split
D:6:      layout_gridville, mainiacjoe_overflow_small_starburst
D:7:      layout_cave_pools, nicolae_titane, uniq_crazy_yiuf_cottage,
          uniq_menkaure, uniq_joseph
D:8:      layout_basic, roderic_lattice_a, uniq_erica
D:9:      layout_irregular_city, uniq_pikel
D:10:     layout_small_grid, grunt_lair_entry_orc_guard_hut, dk_vineyard_2
D:11:     kennysheep_kobold_lugonu_temple, layout_loops_corners
D:12:     layout_big_octagon, serial_shops, shop
D:13:     layout_basic, nicolae_ru_sacrificial_ziggurat
D:14:     layout_loops_cross, grunt_vaults_entry_tiered
D:15:     grunt_enter_depths_hoard, layout_stronghold, minmay_misc_feat_rows,
          uniq_agnes
Lair:1:   layout_regular_city, basic_altar, st_stairs_13, kennysheep_rathole,
          infiniplex_staircase_pool_2
Lair:2:   layout_gridlike, lemuel_another_geyser, uniq_maggie
Lair:3:   layout_regular_city, skrybe_swamp_entry_bodies,
          guppyfry_snake_entry_garden, grunt_forest_stairs_basic,
          kennysheep_catoblepas_arena, serial_bayou_shore_b
Lair:4:   layout_cave_pods, gammafunk_ghost_split, serial_bayou_pond_d,
          dreamdust_gnoll_shepherd, serial_bayou_shore_b, uniq_nessos
Lair:5:   evilmike_catoblepas_cave, layout_regular_city,
          dpeg_slime_entry_enclosed, nicolae_lair_grove_arrangements,
          lemuel_fruit_tree, uniq_urug, uniq_sonja
Swamp:1:  layout_basic_swamp, gammafunk_ghost_abyssal_escape,
          evilmike_swamp_ruin_rubble_2
Swamp:2:  layout_basic_swamp, evilmike_swamp_ruin_house_1, uniq_mlioglotl
Swamp:3:  layout_falls_marsh, hangedman_swamp_ruin_wall, swamp_pool1,
          cheibrodos_swamp_pet_leeches
Swamp:4:  swamp_alternative, layout_basic_swamp, swamp_pool1, grunt_hermit_hut
Snake:1:  layout_onion_interference, ebering_ghost_reflecting_pool, drop_trap
Snake:2:  layout_onion, basic_altar, portal_ice_cave_entry_frozen_things,
          serial_shops, nicolae_shop_stone, nicolae_large_snake_swirl,
          uniq_louise
Snake:3:  layout_grid_maze, uniq_vashnia, uniq_aizul
Snake:4:  grunt_snake_rune_pools, layout_basic, serial_shops,
          nicolae_square_shop, shop, shop, nicolae_shop_behind_doors,
          nicolae_shop_trees, uniq_kirke
Slime:1:  layout_caves
Slime:2:  layout_caves, cheibrodos_slime_lost_civilization_4
Slime:3:  layout_caves
Slime:4:  layout_caves
Slime:5
Orc:1:    layout_caves, uniq_maurice
Orc:2:    st_orc_pillars, layout_diamond_mine, serial_shops, shop
Elf:1:    layout_gridlike, hangedman_elf_disciples,
          nicolae_concentric_dashed_squares_wild, orc_legates
Elf:2:    nicolae_elf_blades_crystal_corner, layout_loops_corners, serial_shops,
          shop, grunt_ministairs_3, guppyfry_elf_altar, lemuel_upstairs_altar
Elf:3:    nooodl_elf_gasket, layout_geoelf_castle, amethyst_killhole
Vaults:1: nicolae_vaults_yaktaur_gun_rack, nicolae_vaults_hallways_thing,
          v_alt_pattern_3, v_misc_9, ontoclasm_vaults_misaligned,
          ontoclasm_vaults_ligature, vaults_room_ringed_pool,
          layout_vaults_quadrants, serial_shops, shop, uniq_donald
Vaults:2: v_misc_24, vaults_mumra_lcd, minmay_crypt_entry_necro_gods,
          st_quartered_hall, vaults_mumra_hex, vaults_room_pools,
          nicolae_vaults_circle_grid_b, nicolae_vaults_network_barrier,
          v_misc_17, dpeg_vaults_monster_box, vaults_room_pools,
          nicolae_vaults_shelves_hall, nicolae_vaults_little_squares_5,
          vaults_dpeg_ring, layout_vaults_omnicross
Vaults:3: grunt_vaults_trifunnel, v_misc_22, grunt_tower_of_power, v_rooms_6,
          serial_ice_g, layout_vaults_chaotic_city, uniq_frederick
Vaults:4: hangedman_vaults_cutoff, st_more_cells, vaults_standard_mumra_lines,
          v_misc_10, nicolae_vaults_specimen_jars, ontoclasm_vaults_eye,
          vaults_room_pool, nicolae_vaults_ninety_degrees, vaults_room_hallway,
          vaults_room_pools, vaults_room_pools, nicolae_vaults_little_squares_3,
          ontoclasm_vaults_bender, v_misc_10, ontoclasm_vaults_twist,
          nicolae_vaults_diagonal_hallway_6, layout_vaults_maze_snakey,
          serial_shops, shop, uniq_margery, uniq_saint_roka
Crypt:1:  layout_misc_corridors, uniq_mennas
Crypt:2:  layout_misc_corridors, st_stairs_5, uniq_xtahua
Crypt:3:  evilmike_haunted_forest, uniq_boris
Depths:1: gammafunk_sealed_library, layout_honeycomb, enter_ziggurat_f,
          grunt_hell_entry_dis_mu, minmay_splitting_lines, tgw_lugonu_bribe
Depths:2: nicolae_cairo_tiling_large_dashed, layout_honeycomb, serial_shops,
          shop, pf_coc_iceberg, rand_demon_pan_entry_3, st_stairs_13,
          grunt_ministairs_1, minmay_staircase_bubble, uniq_asterion
Depths:3: cheibrodos_leafed_vault, layout_cave_shapes,
          hangedman_abyss_entry_splay, hell_entry
Depths:4: grunt_crosshair, layout_gridlike, serial_sigils,
          serial_sigils_hangedman_scar, serial_sigils_hangedman_stare,
          serial_sigils_hangedman_scratch, serial_sigils_hangedman_quiver,
          serial_sigils_hangedman_clutch, serial_sigils_hangedman_confine,
          pf_hell_entry_tar_river, pan_entry, nicolae_trove_entry_path_of_doom,
          infiniplex_enter_wizlab_glasses, serial_shops, shop,
          nicolae_square_shop, drop_trap
Zot:1:    layout_basic, grunt_megastairs_5, uniq_tiamat

Skill      XL: |  1  2  3  4  5  6  7  8  9 10 11 12 13 14 15 16 17 18 19 20 21 22 23 |
---------------+----------------------------------------------------------------------+-----
Invocations    | 1 2 3 4 6 7 9 10 11 12 13 14 15 16 | 16.8
Unarmed Combat | 3 4 5 6 7 9 10 11 12 13 14 15 16 17 18 19 21 | 21.7
Fighting       | 3 4 5 6 8 10 12 14 15 16 17 18 19 20 | 20.0
Dodging        | 2 3 4 5 6 8 9 10 11 | 11.3
Armour         | 3 5 6 10 12 14 15 | 15.9
Shields        | 1 9 12 13 | 13.9
Stealth        | |  2.7

Action                   |  1- 3 |  4- 6 |  7- 9 | 10-12 | 13-15 | 16-18 | 19-21 | 22-24 || total
-------------------------+-------+-------+-------+-------+-------+-------+-------+-------++-------
Melee: Unarmed           |    67 |   121 |   209 |   473 |   826 |  1502 |  1597 |  1703 ||  6498
       Punch             |     1 |     3 |     6 |    37 |   102 |    37 |       |       ||   186
Invok: Draw Escape       |       |     3 |     1 |     4 |     9 |    12 |    19 |     2 ||    50
       Draw Destruction  |       |     1 |     6 |    41 |    41 |    52 |    24 |    29 ||   194
       Draw Summoning    |       |       |     3 |     7 |     6 |     9 |     8 |     6 ||    39
       Deal Four         |       |       |       |       |     1 |     2 |     5 |     8 ||    16
       Draw Stack        |       |       |       |       |       |     2 |     1 |     6 ||     9
       Stack Five        |       |       |       |       |       |     1 |     1 |     1 ||     3
Evoke: Wand              |       |       |       |     2 |     1 |     2 |       |     2 ||     7
  Use: Scroll            |     1 |     3 |     3 |    11 |     5 |    23 |     6 |    13 ||    65
       Potion            |       |       |     1 |     1 |     6 |     7 |     4 |    15 ||    34
 Stab: Sleeping          |     5 |     4 |     9 |     4 |     3 |     3 |       |       ||    28
       Distracted        |       |       |       |       |     5 |       |     1 |     2 ||     8
       Petrified         |       |       |       |       |       |       |     7 |       ||     7
       Petrifying        |       |       |       |       |       |       |     1 |       ||     1
Armor: Robe              |    18 |    27 |    29 |    49 |       |       |       |       ||   123
       Acid dragon scale |       |       |       |    28 |    83 |       |       |       ||   111
       Ice dragon scales |       |       |       |       |    48 |   239 |    68 |       ||   355
       Swamp dragon scal |       |       |       |       |       |   138 |       |       ||   138
       Gold dragon scale |       |       |       |       |       |       |   305 |   510 ||   815
Dodge: Dodged            |    19 |    44 |    88 |   283 |   399 |   614 |   275 |   275 ||  1997
Block: Other             |       |       |    16 |   106 |   125 |   100 |       |       ||   347
       Reflection        |       |       |       |     3 |     7 |   101 |   167 |     9 ||   287
       Tower shield      |       |       |       |       |       |  1584 |  1766 |  1939 ||  5289

Table legend: (Time is in decaauts)
 A = Elapsed time spent in this place.
 B = Non-inter-level travel time spent in this place.
 C = Inter-level travel time spent in this place.
 D = Time resting spent in this place.
 E = Time spent auto-exploring this place.
 F = Levels seen in this place.
 G = Mean time per level.
                   A        B        C        D        E       F      G
               +--------+--------+--------+--------+--------+-----+--------+
         Total |  59209 |  52828 |   6381 |   3056 |  37865 |  52 | 1138.6 |
       Dungeon |  15173 |  12291 |   2882 |    352 |   9715 |  15 | 1011.5 |
          Lair |   6476 |   5659 |    817 |    215 |   4239 |   5 | 1295.2 |
         Swamp |   4532 |   4264 |    268 |    460 |   2943 |   4 | 1133.0 |
     Snake Pit |   5583 |   5160 |    423 |    202 |   3634 |   4 | 1395.8 |
    Slime Pits |    989 |    884 |    105 |    150 |    479 |   5 |  197.8 |
  Orcish Mines |   1544 |   1414 |    130 |    202 |    835 |   2 |  772.0 |
   Elven Halls |   4504 |   4274 |    230 |    104 |   3126 |   3 | 1501.3 |
        Vaults |   7108 |   6440 |    668 |    327 |   4905 |   4 | 1777.0 |
         Crypt |   4380 |   4166 |    214 |    287 |   2693 |   3 | 1460.0 |
        Depths |   6872 |   6233 |    639 |    729 |   4016 |   4 | 1718.0 |
           Zot |    104 |    104 |      0 |      5 |     31 |   1 |  104.0 |
      Ice Cave |   1070 |   1070 |      0 |      0 |    728 |   1 | 1070.0 |
        Wizlab |    866 |    866 |      0 |     19 |    518 |   1 |  866.0 |
               +--------+--------+--------+--------+--------+-----+--------+

Top non-repeatable levels by time:
 Crypt:3: 2390 daAuts
   Elf:3: 2375 daAuts
Vaults:2: 2364 daAuts
Depths:4: 2078 daAuts
Vaults:1: 1789 daAuts
 Snake:4: 1788 daAuts
Depths:1: 1713 daAuts
Depths:2: 1634 daAuts
    D:15: 1584 daAuts
Vaults:4: 1532 daAuts
  Lair:5: 1459 daAuts
Depths:3: 1446 daAuts
 Snake:3: 1427 daAuts
Vaults:3: 1421 daAuts
     D:8: 1400 daAuts
